[Event "NOR-chT Eliteserien 2021-22"]
[Site "Norway"]
[Date "2022.03.05"]
[Round "8.5"]
[White "Dahl, Max"]
[Black "Harestad, Hans Krogh"]
[Result "1/2-1/2"]
[ECO "C41"]
[WhiteElo "2038"]
[BlackElo "2208"]
[Annotator "NA"]
[PlyCount "131"]
[EventDate "2021.10.29"]
[EventType "team-tourn"]
[EventCountry "NOR"]
[SourceTitle "playchess.com"]
[Source "ChessBase"]
[SourceQuality "1"]
[TimeControl "40/5400+30:1800+30"]

1. e4 e5 2. Nf3 d6 3. d4 exd4 4. Nxd4 Nf6 5. Nc3 Be7 6. Bf4 O-O 7. Qd2 a6 8. O-O-O b5 9. f3 c5 10. Nf5 Bxf5 11. exf5 Nc6 12. Bxd6 Qa5 13. Bxe7 Nxe7 14. Bd3 b4 15. Nb1 Qxa2 16. Be4 Rac8 17. Qd6 Nxe4 18. fxe4 Nc6 19. Qd5 c4 20. f6 gxf6 21. Rd3 Ne5 22. Rg3+ Ng6 23. Rd1 Rfe8 24. h4 Re5 25. Qb7 Rce8 26. Qxb4 Rb5 27. Qa3 Qxa3 28. Nxa3 Rh5 29. Nxc4 Rxe4 30. Rd8+ Kg7 31. Nd6 Rexh4 32. Ne8+ Kf8 33. Nxf6+ Ke7 34. Nxh5 Kxd8 35. Nf6 Ke7 36. Nd5+ Kd6 37. Ne3 Ke5 38. Kd2 f5 39. Rf3 f4 40. Nf1 Rg4 41. g3 h5 42. gxf4+ Nxf4 43. Re3+ Kd4 44. Rg3 Ke4 45. Re3+ Kd5 46. Ra3 Rg6 47. Ke3 Ke5 48. c4 Ng2+ 49. Kf2 Kd4 50. c5 Nf4 51. Ra4+ Ke5 52. Kf3 Nd3 53. Rh4 Rf6+ 54. Ke2 Nxb2 55. Rxh5+ Kd4 56. Rh4+ Kc3 57. Ne3 Re6 58. Rh1 Nd3 59. c6 Rxc6 60. Nd5+ Kd4 61. Rh4+ Kxd5 62. Kxd3 Rc1 63. Ra4 Rc6 64. Ra5+ Kd6 65. Kd4 Kd7 66. Rd5+ 1/2-1/2

[Event "NOR-chT Eliteserien 2021-22"]
[Site "Norway"]
[Date "2022.03.05"]
[Round "8.6"]
[White "Grebstad, Kjell Borre"]
[Black "Loveid, Erik"]
[Result "1-0"]
[ECO "D46"]
[WhiteElo "2064"]
[BlackElo "1817"]
[Annotator "NA"]
[PlyCount "105"]
[EventDate "2021.10.29"]
[EventType "team-tourn"]
[EventCountry "NOR"]
[SourceTitle "playchess.com"]
[Source "ChessBase"]
[SourceQuality "1"]
[TimeControl "40/5400+30:1800+30"]

1. d4 d5 2. c4 c6 3. e3 Nf6 4. Nf3 e6 5. Nc3 Nbd7 6. Qc2 Bd6 7. Bd3 O-O 8. O-O dxc4 9. Bxc4 b5 10. Be2 Bb7 11. e4 e5 12. dxe5 Nxe5 13. Nd4 Qb6 14. Nf5 Bc5 15. h3 Bc8 16. Bg5 Bxf5 17. exf5 Ned7 18. a4 a6 19. g4 Bd4 20. Bf3 Rac8 21. Rad1 c5 22. axb5 axb5 23. Ne2 Ne5 24. Bg2 Rfe8 25. Nxd4 cxd4 26. Qb3 Nc4 27. Rfe1 Rxe1+ 28. Rxe1 Qc5 29. Rc1 Qe5 30. Qf3 Rd8 31. Bf4 Qe7 32. b3 Nd6 33. Qd3 Nde4 34. g5 Nh5 35. f6 gxf6 36. Bc7 Rc8 37. Bxe4 Rxc7 38. Rxc7 Qxc7 39. Bxh7+ Kg7 40. gxf6+ Nxf6 41. Bf5 Qc1+ 42. Qf1 Qxf1+ 43. Kxf1 Nd5 44. Ke2 Kf6 45. Bd7 Ke5 46. h4 Nf4+ 47. Kf3 b4 48. Be8 d3 49. Ke3 Nh3 50. Bxf7 Nf4 51. h5 Kf6 52. Bg6 Nh3 53. Bxd3 1-0

[Event "NOR-chT Eliteserien 2021-22"]
[Site "Norway"]
[Date "2022.03.05"]
[Round "8.8"]
[White "Galchenko, Matvey"]
[Black "Romanov, Evgeny"]
[Result "1/2-1/2"]
[ECO "E15"]
[WhiteElo "2443"]
[BlackElo "2561"]
[Annotator "ChessBase"]
[PlyCount "70"]
[EventDate "2021.10.29"]
[EventType "team-tourn"]
[EventCountry "NOR"]
[SourceTitle "playchess.com"]
[Source "ChessBase"]
[SourceQuality "1"]
[TimeControl "40/5400+30:1800+30"]

1. d4 Nf6 2. c4 e6 3. g3 Bb4+ 4. Bd2 a5 5. Bg2 O-O 6. Nf3 b6 7. Ne5 Ra7 8. O-O d6 9. Nd3 Bxd2 10. Qxd2 Ba6 11. b3 c5 12. Qf4 cxd4 13. Qxd4 d5 14. cxd5 Nxd5 15. Rc1 Nb4 16. Qxd8 Rxd8 17. Nxb4 axb4 18. e3 Kf8 19. a3 Bd3 20. Ra2 Nd7 21. Nd2 Rxa3 22. Rxa3 bxa3 23. Ra1 Nc5 24. b4 Na6 25. Rxa3 Nxb4 26. h4 b5 27. Ra7 Nc2 28. Rb7 b4 29. Nb3 Be2 30. Na5 f5 31. Nc6 Rd1+ 32. Kh2 Rd2 33. Kg1 Rd1+ 34. Kh2 Rd2 35. Kg1 Rd1+ 1/2-1/2

[Event "NOR-chT Eliteserien 2021-22"]
[Site "Norway"]
[Date "2022.03.05"]
[Round "8.10"]
[White "Flermoen, Peter"]
[Black "Holm, Kristian Stuvik"]
[Result "1/2-1/2"]
[ECO "B73"]
[WhiteElo "2297"]
[BlackElo "2464"]
[Annotator "ChessBase"]
[PlyCount "89"]
[EventDate "2021.10.29"]
[EventType "team-tourn"]
[EventCountry "NOR"]
[SourceTitle "playchess.com"]
[Source "ChessBase"]
[SourceQuality "1"]
[TimeControl "40/5400+30:1800+30"]

1. e4 c5 2. Nf3 d6 3. d4 cxd4 4. Nxd4 Nf6 5. Nc3 Nc6 6. Be2 g6 7. O-O Bg7 8. Be3 O-O 9. h3 Bd7 10. Qd2 Rc8 11. f4 Na5 12. e5 Ne8 13. Nf3 Bc6 14. Rad1 Qc7 15. Nd4 dxe5 16. Ndb5 Bxb5 17. Nxb5 Qxc2 18. Nxa7 Qxd2 19. Bxd2 Ra8 20. Bxa5 Rxa7 21. Bd8 b6 22. Bxb6 Rxa2 23. Bc5 Rxb2 24. Bf3 Nd6 25. Bxd6 exd6 26. Rxd6 exf4 27. Rd7 Bc3 28. Bd5 Bd4+ 29. Kh2 Bf2 30. h4 Kg7 31. Rc1 Bxh4 32. Rcc7 Bg3+ 33. Kh3 Rd2 34. Rxf7+ Rxf7 35. Rxf7+ Kh6 36. Bf3 Rc2 37. Rd7 Rc5 38. Rd5 Rxd5 39. Bxd5 Kg5 40. Bg8 h5 41. Bf7 Bf2 42. Be8 Bg1 43. g3 fxg3 44. Bxg6 Kxg6 45. Kxg3 1/2-1/2

[Event "NOR-chT Eliteserien 2021-22"]
[Site "Norway"]
[Date "2022.03.05"]
[Round "8.11"]
[White "Kaasen, Tor Fredrik"]
[Black "Nielsen, Andre"]
[Result "1-0"]
[ECO "E05"]
[WhiteElo "2458"]
[BlackElo "2219"]
[Annotator "ChessBase"]
[PlyCount "77"]
[EventDate "2021.10.29"]
[EventType "team-tourn"]
[EventCountry "NOR"]
[SourceTitle "playchess.com"]
[Source "ChessBase"]
[SourceQuality "1"]
[TimeControl "40/5400+30:1800+30"]

1. d4 Nf6 2. c4 e6 3. g3 Be7 4. Bg2 d5 5. Nf3 O-O 6. O-O dxc4 7. Qc2 a6 8. a4 Bd7 9. Qxc4 Bc6 10. Bf4 Nbd7 11. Nc3 Nb6 12. Qd3 Nbd5 13. Bg5 Nxc3 14. bxc3 Be4 15. Qe3 Bd5 16. Bxf6 Bxf6 17. Qd3 Bxf3 18. Bxf3 Rb8 19. Rab1 c6 20. e3 Qa5 21. Qc2 Rfc8 22. c4 g6 23. Rfd1 e5 24. Qb3 exd4 25. exd4 Rd8 26. d5 cxd5 27. Bxd5 Qc5 28. h4 Rd6 29. Qd3 Rb6 30. Qf3 Rd8 31. Rxb6 Qxb6 32. a5 Qb2 33. Bxf7+ Kg7 34. Rxd8 Bxd8 35. Bd5 Bf6 36. Kg2 b6 37. Qf4 bxa5 38. Qc7+ Kh6 39. Bg8 1-0

[Event "NOR-chT Eliteserien 2021-22"]
[Site "Norway"]
[Date "2022.03.05"]
[Round "8.12"]
[White "Solberg, Joachim"]
[Black "Hobber, Anders"]
[Result "0-1"]
[ECO "C01"]
[WhiteElo "2216"]
[BlackElo "2381"]
[Annotator "NA"]
[PlyCount "74"]
[EventDate "2021.10.29"]
[EventType "team-tourn"]
[EventCountry "NOR"]
[SourceTitle "playchess.com"]
[Source "ChessBase"]
[SourceQuality "1"]
[TimeControl "40/5400+30:1800+30"]

1. e4 e6 2. d4 d5 3. exd5 exd5 4. Nf3 Nc6 5. Bb5 Nge7 6. Ne5 a6 7. Nxc6 Nxc6 8. Bxc6+ bxc6 9. Bf4 Bd6 10. Bxd6 cxd6 11. O-O O-O 12. Qd2 $11 Bf5 13. Nc3 Qf6 14. Ne2 Rab8 15. b3 h5 16. Rfe1 h4 17. h3 Rfe8 18. Rad1 Re7 19. Kf1 Rbe8 20. c3 Be4 21. Nc1 Qf5 22. Re2 Re6 23. Rde1 Kh7 24. Re3 Qg5 25. f4 Qxf4+ 26. Kg1 Bg6 27. Qf2 Rxe3 28. Qxf4 Rxe1+ 29. Kf2 R1e4 30. Qd2 Bh5 31. Qc2 R8e6 32. g4 hxg3+ 33. Kxg3 Bg6 34. Qd2 Re3+ 35. Kh2 Bf5 36. h4 Rh3+ 37. Kg2 Rg6+ 0-1

[Event "NOR-chT Eliteserien 2021-22"]
[Site "Norway"]
[Date "2022.03.05"]
[Round "8.13"]
[White "Tallaksen, Levi Andre"]
[Black "Notkevich, Benjamin Arvola"]
[Result "1/2-1/2"]
[ECO "E12"]
[WhiteElo "2321"]
[BlackElo "2481"]
[Annotator "ChessBase"]
[PlyCount "120"]
[EventDate "2021.10.29"]
[EventType "team-tourn"]
[EventCountry "NOR"]
[SourceTitle "playchess.com"]
[Source "ChessBase"]
[SourceQuality "1"]
[TimeControl "40/5400+30:1800+30"]

1. d4 Nf6 2. c4 e6 3. Nf3 b6 4. a3 Ba6 5. Qc2 c5 6. e4 cxd4 7. Nxd4 Bc5 8. Nb3 Nc6 9. Be2 O-O 10. O-O Qc7 11. Nxc5 bxc5 12. Be3 Qe5 13. Nd2 Rab8 14. Rab1 Nd4 15. Bxd4 Qxd4 16. b4 cxb4 17. axb4 Rfc8 18. Rfd1 h6 19. Bd3 Qb6 20. Qa4 Bb7 21. e5 Ng4 22. c5 Qc7 23. Nc4 Nxe5 24. Nd6 Bd5 25. Nxc8 Rxc8 26. Be2 Ng6 27. Qa6 Rb8 28. Qd6 Qxd6 29. cxd6 Nh4 30. g4 Rb6 31. b5 Nf3+ 32. Bxf3 Bxf3 33. Rdc1 Rxd6 34. Rb3 Bd5 35. Ra3 Rb6 36. Rxa7 Rxb5 37. Rxd7 g5 38. h3 Kg7 39. Rdc7 Kg6 40. R7c5 Rb4 41. R5c3 h5 42. gxh5+ Kxh5 43. Kh2 f5 44. Rc8 Rb2 45. R1c2 Rb4 46. R2c7 Kg6 47. Kg3 Kf6 48. Rc3 Rb1 49. Rc1 Rb2 50. R1c2 Rb4 51. R2c3 Be4 52. R3c4 Rb2 53. h4 gxh4+ 54. Kxh4 Ke5 55. Kg3 f4+ 56. Kg4 Rxf2 57. R8c5+ Bd5 58. Rc2 Rf1 59. Rc1 Rf2 60. R1c2 Rf1 1/2-1/2

[Event "NOR-chT Eliteserien 2021-22"]
[Site "Norway"]
[Date "2022.03.05"]
[Round "8.14"]
[White "Vestby-Ellingsen, Mads"]
[Black "Shehzad, Shazil"]
[Result "1/2-1/2"]
[ECO "B52"]
[WhiteElo "2368"]
[BlackElo "2182"]
[Annotator "NA"]
[PlyCount "75"]
[EventDate "2021.10.29"]
[EventType "team-tourn"]
[EventCountry "NOR"]
[SourceTitle "playchess.com"]
[Source "ChessBase"]
[SourceQuality "1"]
[TimeControl "40/5400+30:1800+30"]

1. e4 c5 2. Nf3 d6 3. Bb5+ Bd7 4. Bxd7+ Nxd7 5. O-O Ngf6 6. Qe2 e6 7. b3 Be7 8. Bb2 O-O 9. c4 Qa5 10. d4 cxd4 11. Nxd4 Rac8 12. Nc3 a6 13. Rac1 Rfe8 14. Rfd1 Bf8 15. h3 Ne5 16. Qd2 Nc6 17. Nxc6 Rxc6 18. Rc2 Qh5 19. Qe2 Qxe2 20. Rxe2 Rb8 21. e5 $11 dxe5 22. Rxe5 Rd6 23. Rxd6 Bxd6 24. Re1 Kf8 25. Kf1 b5 26. Ne4 Nxe4 27. Rxe4 Rc8 28. cxb5 axb5 29. a4 bxa4 30. bxa4 Rc2 31. Be5 Bxe5 32. Rxe5 Ra2 33. a5 Ke7 34. Rb5 Kf6 35. h4 Kg6 36. Rg5+ Kf6 37. Rb5 Kg6 38. Rg5+ 1/2-1/2

[Event "NOR-chT Eliteserien 2021-22"]
[Site "Norway"]
[Date "2022.03.05"]
[Round "8.15"]
[White "Kvaloy, Aksel Bu"]
[Black "Lund, Gunnar"]
[Result "1/2-1/2"]
[ECO "C95"]
[WhiteElo "2280"]
[BlackElo "2307"]
[Annotator "NA"]
[PlyCount "187"]
[EventDate "2021.10.29"]
[EventType "team-tourn"]
[EventCountry "NOR"]
[SourceTitle "playchess.com"]
[Source "ChessBase"]
[SourceQuality "1"]
[TimeControl "40/5400+30:1800+30"]

1. e4 e5 2. Nf3 Nc6 3. Bb5 a6 4. Ba4 Nf6 5. O-O Be7 6. Re1 b5 7. Bb3 d6 8. c3 O-O 9. h3 Nb8 10. d4 Nbd7 11. Nbd2 Bb7 12. Bc2 Re8 13. Nf1 Bf8 14. Ng3 g6 15. a4 c5 16. d5 c4 17. Bg5 Be7 18. Bh6 Nc5 19. Nh2 Bf8 20. Bg5 Be7 21. Bh6 Bf8 22. Be3 Qc7 23. Qf3 Bg7 24. Bg5 Nfd7 25. Ng4 f6 26. Nh6+ Kh8 27. Nf7+ Kg8 28. Nh6+ $11 Kh8 {White should play} 29. Be3 $14 Rf8 30. Qd1 Nb6 31. a5 Nc8 32. Ng4 Ne7 33. f4 f5 34. Nxe5 fxe4 35. Nxe4 Nxd5 36. Nxc5 dxe5 37. Nxb7 Nxe3 38. Rxe3 exf4 39. Re1 Qxb7 40. Be4 Qa7+ 41. Kh1 Rad8 42. Qf3 Qc7 43. Re2 Rf6 44. Bc2 Bf8 45. Rf1 Bc5 46. Qg4 Rdf8 47. Be4 Qxa5 48. Rd2 Qb6 49. Rd7 Qe6 50. Qxe6 Rxe6 51. Bf3 Rfe8 52. Kh2 Re1 53. Rxe1 Rxe1 54. Rd1 Re7 55. g3 fxg3+ 56. Kxg3 Kg7 57. Rd8 Be3 58. Rd1 h5 59. Ra1 Ra7 60. Re1 Bd2 61. Rd1 Bg5 62. Be4 Bf6 63. Kf3 Be5 64. Rd5 Re7 65. Rc5 Rf7+ 66. Kg2 Bf6 67. Rc6 Ra7 68. Rb6 Kf7 69. Rb7+ Rxb7 70. Bxb7 a5 71. Ba6 Ke6 72. Bxb5 Kd5 73. Be8 g5 74. Bxh5 a4 75. Bd1 Bxc3 76. Bxa4 Bxb2 77. h4 gxh4 78. Bc2 Bf6 79. Kh1 Ke5 80. Bb1 Kf4 81. Bc2 Kg3 82. Bb1 Bd4 83. Bc2 Kh3 84. Bb1 c3 85. Bd3 Kg3 86. Bc2 h3 87. Bb1 Be5 88. Bc2 Kf2 89. Bb1 Ke1 90. Bc2 Kd2 91. Bg6 c2 92. Bxc2 Bh2 93. Kxh2 Kc3 94. Kxh3 1/2-1/2

[Event "NOR-chT Eliteserien 2021-22"]
[Site "Norway"]
[Date "2022.03.05"]
[Round "8.16"]
[White "Royset, Pal"]
[Black "Gjestemoen-VonHirsch, Andre"]
[Result "1/2-1/2"]
[ECO "A48"]
[WhiteElo "2146"]
[BlackElo "2243"]
[Annotator "NA"]
[PlyCount "57"]
[EventDate "2021.10.29"]
[EventType "team-tourn"]
[EventCountry "NOR"]
[SourceTitle "playchess.com"]
[Source "ChessBase"]
[SourceQuality "1"]
[TimeControl "40/5400+30:1800+30"]

1. d4 Nf6 2. Bf4 g6 3. Nf3 Bg7 4. h3 O-O 5. e3 c5 6. c3 Qb6 7. Qb3 Nc6 8. Nbd2 d5 9. Be2 c4 10. Qc2 Bf5 11. Qc1 Qd8 12. b3 b5 13. O-O Ne4 14. Nxe4 Bxe4 15. bxc4 bxc4 16. Ng5 e5 $14 (16... Bd3 $11 17. Bxd3 cxd3) 17. Nxe4 (17. dxe5 $14 Nxe5 18. Nxe4 dxe4 19. Bxe5 Bxe5 20. Rb1) 17... exf4 18. Nc5 fxe3 19. Qxe3 Re8 20. Qd2 Qa5 21. Rad1 Rxe2 22. Qxe2 Qxc3 23. Qg4 Rd8 24. Nb7 h5 25. Qg5 Rd7 26. Nc5 Rd8 27. Nb7 Rd7 28. Nc5 Rd8 29. Nb7 1/2-1/2

[Event "NOR-chT Eliteserien 2021-22"]
[Site "Norway"]
[Date "2022.03.05"]
[Round "8.18"]
[White "Machlik, Monika"]
[Black "Fossan, Aleksander"]
[Result "1/2-1/2"]
[ECO "D85"]
[WhiteElo "2134"]
[BlackElo "2128"]
[Annotator "NA"]
[PlyCount "113"]
[EventDate "2021.10.29"]
[EventType "team-tourn"]
[EventCountry "NOR"]
[SourceTitle "playchess.com"]
[Source "ChessBase"]
[SourceQuality "1"]
[TimeControl "40/5400+30:1800+30"]

1. d4 Nf6 2. c4 g6 3. Nc3 d5 4. cxd5 Nxd5 5. e4 Nxc3 6. bxc3 Bg7 7. Nf3 c5 8. Bb5+ Bd7 9. Rb1 O-O 10. O-O a6 11. Bxd7 Qxd7 12. Rb6 Nc6 13. Be3 cxd4 14. cxd4 Rfd8 15. Qb3 Bxd4 16. Rxc6 Qxc6 17. Bxd4 Qxe4 18. Re1 Qf4 19. Be5 Qf5 20. Qxb7 Qd7 21. Qe4 Rac8 22. Qh4 f6 23. Ba1 Qd5 24. h3 Rc4 25. Qh6 Re4 26. Rc1 Re2 27. Bd4 Qf5 28. Bb6 Rb8 29. Be3 Rxa2 30. Qh4 Qd5 31. Qf4 Rab2 32. Ba7 Rd8 33. Qa4 Qb5 34. Qe4 Re2 35. Be3 e5 36. Qh4 Rf8 37. Rc7 h5 38. Qg3 Qb1+ 39. Rc1 Qd3 40. Nh4 g5 41. Kh2 Rc2 42. Rxc2 Qxc2 43. Bxg5 fxg5 44. Qxg5+ Kf7 45. Nf5 Qc5 46. Qxh5+ Kf6 47. Ng3 Ke7 48. Qg5+ Kd7 49. Ne4 Qe7 50. Qd2+ Kc6 51. Qc2+ Kb6 52. f3 a5 53. Qf2+ Kc6 54. Qc2+ Kb6 55. Qf2+ Kc6 56. Qc2+ Kb6 57. Qf2+ 1/2-1/2

[Event "NOR-chT Eliteserien 2021-22"]
[Site "Norway"]
[Date "2022.03.05"]
[Round "8.20"]
[White "Urkedal, Frode Olav Olsen"]
[Black "Bern, Ivar"]
[Result "1-0"]
[ECO "A80"]
[WhiteElo "2549"]
[BlackElo "2312"]
[Annotator "ChessBase"]
[PlyCount "57"]
[EventDate "2021.10.29"]
[EventType "team-tourn"]
[EventCountry "NOR"]
[SourceTitle "playchess.com"]
[Source "ChessBase"]
[SourceQuality "1"]
[TimeControl "40/5400+30:1800+30"]

1. d4 f5 2. Bg5 g6 3. Nc3 Bg7 4. e3 Nh6 5. h4 Nf7 6. Qf3 c5 7. O-O-O Nc6 8. Bc4 Nxg5 9. hxg5 cxd4 10. exd4 e6 11. Qe3 O-O 12. f4 d5 13. Bb5 Qc7 14. Nf3 Na5 15. Rh4 a6 16. Bd3 b5 17. Rdh1 Bh8 18. Ne5 Bxe5 19. fxe5 Rf7 20. g4 Nc4 21. Bxc4 bxc4 22. Ne2 Qe7 23. gxf5 exf5 24. Nf4 Qxg5 25. Rh5 gxh5 26. Rg1 Qg4 27. Nxh5 Kh8 28. Rxg4 fxg4 29. e6 1-0

[Event "NOR-chT Eliteserien 2021-22"]
[Site "Norway"]
[Date "2022.03.05"]
[Round "8.21"]
[White "Gullaksen, Eirik"]
[Black "Ranaldi, Lucas"]
[Result "1/2-1/2"]
[ECO "B11"]
[WhiteElo "2349"]
[BlackElo "2337"]
[Annotator "NA"]
[PlyCount "62"]
[EventDate "2021.10.29"]
[EventType "team-tourn"]
[EventCountry "NOR"]
[SourceTitle "playchess.com"]
[Source "ChessBase"]
[SourceQuality "1"]
[TimeControl "40/5400+30:1800+30"]

1. e4 c6 2. Nc3 d5 3. Nf3 Bg4 4. h3 Bxf3 5. Qxf3 Nf6 6. Be2 e6 7. O-O Bc5 8. Rd1 Bd4 9. Qf4 dxe4 10. d3 Bxc3 11. dxe4 Qe7 12. bxc3 e5 {[%emt 0:00:23] [#]} 13. Qg3 $1 O-O 14. Bh6 Ne8 15. a4 Nd7 16. a5 Nc5 17. f3 Kh8 18. Be3 Nc7 19. Rab1 Rfd8 20. Rxd8+ Rxd8 21. Qf2 (21. Bc4 $16) 21... N7e6 22. Rb4 $14 a6 23. Kh2 f6 24. Qg1 h6 25. Qf2 Kh7 26. Qg1 Rb8 27. Bc4 Rd8 28. Be2 Kh8 29. Kh1 Kh7 30. Kh2 Kh8 31. Kh1 Kh7 1/2-1/2

[Event "NOR-chT Eliteserien 2021-22"]
[Site "Norway"]
[Date "2022.03.05"]
[Round "8.22"]
[White "Gandrud, Vegar Koi"]
[Black "Demac, Elias"]
[Result "0-1"]
[ECO "A88"]
[WhiteElo "2315"]
[BlackElo "2206"]
[Annotator "NA"]
[PlyCount "66"]
[EventDate "2021.10.29"]
[EventType "team-tourn"]
[EventCountry "NOR"]
[SourceTitle "playchess.com"]
[Source "ChessBase"]
[SourceQuality "1"]
[TimeControl "40/5400+30:1800+30"]

1. d4 f5 2. c4 Nf6 3. g3 g6 4. Bg2 Bg7 5. Nf3 O-O 6. O-O d6 7. Nc3 Qe8 8. b3 Na6 9. Ba3 c6 10. Rc1 b5 11. Bb2 Rb8 12. Ba1 bxc4 13. bxc4 Rb4 14. a3 Rb8 15. Re1 e5 {[%emt 0:08:44] [#]} (15... Bh6 $14) 16. e4 $16 f4 17. Na4 fxg3 18. fxg3 Bg4 19. dxe5 dxe5 20. h3 Bxf3 21. Bxf3 Qe7 22. Qd3 Nc5 23. Nxc5 Qxc5+ 24. Kg2 Rf7 25. Qc3 Nd7 26. Rf1 Nf8 27. Bg4 Rxf1 28. Rxf1 h5 29. Bd1 Ne6 30. Bb2 Qd4 31. Qxd4 exd4 32. Rf2 Nc5 33. Re2 d3 0-1

[Event "NOR-chT Eliteserien 2021-22"]
[Site "Norway"]
[Date "2022.03.05"]
[Round "8.23"]
[White "Mork, Kjell Arne"]
[Black "Madland, Kristoffer"]
[Result "1-0"]
[ECO "B51"]
[WhiteElo "2246"]
[BlackElo "2168"]
[Annotator "NA"]
[PlyCount "59"]
[EventDate "2021.10.29"]
[EventType "team-tourn"]
[EventCountry "NOR"]
[SourceTitle "playchess.com"]
[Source "ChessBase"]
[SourceQuality "1"]
[TimeControl "40/5400+30:1800+30"]

1. e4 c5 2. Nf3 d6 3. Bb5+ Nd7 4. O-O Ngf6 5. Re1 g6 6. c3 Bg7 7. d4 a6 8. Ba4 O-O 9. e5 dxe5 (9... Ne8 $1 $14 {should be considered.}) 10. dxe5 Ng4 11. Bf4 b5 12. Bc2 Bb7 13. Nbd2 Qc7 14. Qe2 Rad8 $14 15. Rad1 Nb6 16. h3 Nh6 17. Ne4 Nd5 18. Bc1 Kh8 19. Neg5 Qb6 20. Nh4 f6 21. Nxh7 Kxh7 22. Bxg6+ Kg8 23. Bxh6 fxe5 24. Bxg7 Kxg7 25. Qxe5+ Qf6 26. Bc2 Qxe5 27. Rxe5 Kf7 28. Rde1 Rd7 29. Bf5 Rc7 30. Be6+ 1-0

[Event "NOR-chT Eliteserien 2021-22"]
[Site "Norway"]
[Date "2022.03.05"]
[Round "8.24"]
[White "Nilssen, Ellen Fredericia"]
[Black "Mansoor, Afras"]
[Result "1-0"]
[ECO "E51"]
[WhiteElo "2110"]
[BlackElo "2003"]
[Annotator "NA"]
[PlyCount "99"]
[EventDate "2021.10.29"]
[EventType "team-tourn"]
[EventCountry "NOR"]
[SourceTitle "playchess.com"]
[Source "ChessBase"]
[SourceQuality "1"]
[TimeControl "40/5400+30:1800+30"]

1. d4 Nf6 2. Nf3 d5 3. c4 e6 4. Nc3 Bb4 5. e3 O-O 6. Bd2 c5 7. a3 Bxc3 8. Bxc3 Ne4 9. Rc1 Nxc3 10. Rxc3 cxd4 11. Nxd4 b6 12. cxd5 Qxd5 13. Be2 Bb7 14. Bf3 Qd7 15. O-O Na6 16. Bc6 Qe7 17. Qf3 Rab8 18. b4 g6 19. Rfc1 e5 20. Qe4 Rfe8 21. Bxb7 Qxb7 22. Nc6 Re6 23. Qd3 Nc5 24. Rxc5 bxc5 25. Nxb8 Qxb8 26. Rxc5 Rd6 27. Qc2 Qd8 28. h3 Qf6 29. Qe4 Rd2 30. Qf3 Qd6 31. g3 Kg7 32. Kg2 Ra2 33. Ra5 a6 34. h4 h5 35. Kh2 Qe6 36. Kg2 Qd6 37. Rd5 e4 38. Qxf7+ Kxf7 39. Rxd6 Rxa3 40. Rd4 Ra4 41. Rxe4 a5 42. Rf4+ Ke6 43. bxa5 Rxa5 44. Kf3 Ra1 45. Rb4 Ra3 46. Kf4 Ra5 47. Rb6+ Kf7 48. e4 Kg7 49. f3 Ra3 50. e5 1-0

[Event "NOR-chT Eliteserien 2021-22"]
[Site "Norway"]
[Date "2022.03.05"]
[Round "8.25"]
[White "Miezis, Normunds"]
[Black "Blomqvist, Erik"]
[Result "0-1"]
[ECO "C01"]
[WhiteElo "2445"]
[BlackElo "2536"]
[Annotator "ChessBase"]
[PlyCount "92"]
[EventDate "2021.10.29"]
[EventType "team-tourn"]
[EventCountry "NOR"]
[SourceTitle "playchess.com"]
[Source "ChessBase"]
[SourceQuality "1"]
[TimeControl "40/5400+30:1800+30"]

1. c4 e6 2. e4 d5 3. exd5 exd5 4. d4 Nf6 5. Nc3 Bb4 6. Bd3 O-O 7. Nge2 dxc4 8. Bxc4 Nbd7 9. O-O Nb6 10. Bb3 c6 11. Bg5 Re8 12. Qd3 Be6 13. Bxe6 Rxe6 14. Rad1 h6 15. Bh4 Qd7 16. Nf4 Rd6 17. Bg3 Rd8 18. a3 Bxc3 19. bxc3 c5 20. Ne2 c4 21. Qf3 Rd5 22. Bf4 Nh7 23. Ng3 Ng5 24. Bxg5 hxg5 25. Rde1 Ra5 26. h3 Nd5 27. Ne4 Rxa3 28. Ra1 Rxa1 29. Rxa1 b6 30. Nxg5 Re8 31. Ne4 a5 32. h4 Qc6 33. Ng5 f6 34. Ne4 Nc7 35. Re1 Qb5 36. Kh2 Re6 37. h5 f5 38. Qg3 Qd7 39. f3 fxe4 40. fxe4 Qf7 41. d5 Qxh5+ 42. Kg1 Qe5 43. Qxe5 Rxe5 44. Rb1 b5 45. Kf2 Kf7 46. Ke3 Ke7 0-1

[Event "NOR-chT Eliteserien 2021-22"]
[Site "Norway"]
[Date "2022.03.05"]
[Round "8.26"]
[White "Djurhuus, Rune"]
[Black "Ostenstad, Berge"]
[Result "1/2-1/2"]
[ECO "B48"]
[WhiteElo "2403"]
[BlackElo "2455"]
[Annotator "ChessBase"]
[PlyCount "99"]
[EventDate "2021.10.29"]
[EventType "team-tourn"]
[EventCountry "NOR"]
[SourceTitle "playchess.com"]
[Source "ChessBase"]
[SourceQuality "1"]
[TimeControl "40/5400+30:1800+30"]

1. e4 c5 2. Nf3 e6 3. d4 cxd4 4. Nxd4 Nc6 5. Nc3 a6 6. Be3 Nf6 7. a3 Qc7 8. f4 d6 9. Bd3 Be7 10. Qf3 O-O 11. O-O Nxd4 12. Bxd4 e5 13. Be3 exf4 14. Qxf4 Be6 15. Bd4 Nd7 16. Nd5 Bxd5 17. exd5 Ne5 18. Qg3 Rae8 19. Rae1 g6 20. Kh1 Qd8 21. Bxe5 dxe5 22. Rxe5 Bd6 23. Rxe8 Rxe8 24. Qf2 Qe7 25. g3 f5 26. b4 a5 27. Qd4 axb4 28. axb4 h5 29. Rb1 Ra8 30. c4 b6 31. Qxb6 Rb8 32. Qc6 Rxb4 33. Rxb4 Qe1+ 34. Kg2 Qxb4 35. Qe8+ Kg7 36. Qd7+ Kh6 37. Kh3 Bf8 38. Qe6 Kg7 39. Qe5+ Kg8 40. Qe6+ Kg7 41. Qe5+ Kg8 42. Bxf5 gxf5 43. Qxf5 Qxc4 44. Qg6+ Bg7 45. Qe6+ Kh7 46. Qf5+ Kh6 47. d6 Qd4 48. d7 Bf6 49. Qf4+ Qxf4 50. gxf4 1/2-1/2

[Event "NOR-chT Eliteserien 2021-22"]
[Site "Norway"]
[Date "2022.03.05"]
[Round "8.27"]
[White "Haubro, Martin"]
[Black "Sjoberg, Isak"]
[Result "0-1"]
[ECO "C90"]
[WhiteElo "2399"]
[BlackElo "2322"]
[Annotator "NA"]
[PlyCount "50"]
[EventDate "2021.10.29"]
[EventType "team-tourn"]
[EventCountry "NOR"]
[SourceTitle "playchess.com"]
[Source "ChessBase"]
[SourceQuality "1"]
[TimeControl "40/5400+30:1800+30"]

1. e4 e5 2. Nf3 Nc6 3. Bb5 a6 4. Ba4 Nf6 5. O-O Be7 6. Re1 b5 7. Bb3 O-O 8. a4 b4 9. a5 d6 10. c3 Rb8 11. Bc4 bxc3 12. dxc3 Bb7 13. Qd3 Qc8 14. Nbd2 Nd8 15. Nf1 d5 $18 (15... Re8 $11 {and Black stays safe.}) 16. exd5 e4 17. Rxe4 Nxe4 18. Qxe4 Bd6 19. Ng5 f5 20. Qh4 h6 21. Ne6 Nxe6 22. dxe6 Kh7 23. e7 Rf6 24. Ng3 Qd7 25. f3 Bc5+ 0-1

[Event "NOR-chT Eliteserien 2021-22"]
[Site "Norway"]
[Date "2022.03.05"]
[Round "8.28"]
[White "Tryggestad, Andreas Garberg"]
[Black "Tisdall, Jonathan D"]
[Result "1-0"]
[ECO "A84"]
[WhiteElo "2273"]
[BlackElo "2414"]
[Annotator "NA"]
[PlyCount "81"]
[EventDate "2021.10.29"]
[EventType "team-tourn"]
[EventCountry "NOR"]
[SourceTitle "playchess.com"]
[Source "ChessBase"]
[SourceQuality "1"]
[TimeControl "40/5400+30:1800+30"]

1. d4 f5 2. c4 Nf6 3. Nc3 e6 4. Nf3 b6 5. g3 Bb7 6. Bg2 g6 7. d5 Bg7 8. dxe6 dxe6 9. Qxd8+ Kxd8 10. Bf4 Na6 (10... Kc8 $11 {feels stronger.}) 11. Nb5 ({White should play} 11. O-O $14) 11... Nh5 12. Bg5+ Kc8 13. O-O-O e5 14. Bh3 Nf6 15. Bxf6 $11 ({But not} 15. Nxe5 Bxh1 16. Rxh1 Ne4 $17) 15... Bxf6 16. g4 Bxf3 17. exf3 Bg5+ 18. f4 Bxf4+ 19. Kb1 Rf8 20. gxf5 gxf5 21. Bg2 e4 22. Nd4 Be5 23. Nxf5 c6 24. Bxe4 Nc5 25. Bc2 Kc7 26. Rhe1 Rae8 27. Re3 Bf4 28. Rf3 Bg5 29. Rg3 h6 30. h4 Bf6 31. Rg6 Re2 32. Rxh6 Rxf2 33. Rh7+ Kb8 34. b4 Na4 35. Bxa4 Rxf5 36. Bxc6 Rf2 37. Rb7+ Kc8 38. Rxa7 Bxh4 39. Rdd7 Bg3 40. Re7 Rh2 41. Bf3 1-0